 Dungeon Crawl Stone Soup version 0.19-a0-1013-g40768a3 (webtiles) character file.

11253 Gagarin the Nimble (level 11, -4/87 HPs)
             Began as a Demonspawn Monk on July 24, 2016.
             Was an Elder of Yredelemnul.
             Slain by a shadow (16 damage)
             ... on level 11 of the Dungeon.
             The game lasted 00:43:41 (12790 turns).

Gagarin the Nimble (Demonspawn Monk)               Turns: 12790, Time: 00:43:42

Health: -4/87      AC: 13    Str: 13    XL:     11   Next: 46%
Magic:  17/17      EV: 19    Int: 13    God:    Yredelemnul [****..]
Gold:   323        SH:  0    Dex: 16    Spells: 0 memorised, 10 levels left

rFire  . . .     SeeInvis .       - Unarmed
rCold  . . .     Gourm    .     y - +2 robe {Archmagi}
rNeg   . . .     Faith    .     (no shield)
rPois  .         Spirit   .     (helmet restricted)
rElec  .         Dismiss  .     x - +0 cloak
rCorr  +         Reflect  .     W - +3 pair of gauntlets of War {Slay+5}
SustAt +         Harm     .     (no boots)
MR     .....                    (no amulet)
Stlth  ++........               R - ring of sustain attributes
                                d - +5 ring of slaying

@: confused, not resistant to hostile enchantments, unstealthy
A: horns 2, yellow scales 3, demonic guardian 1
a: Recall Undead Slaves, Injury Mirror, Animate Dead, Drain Life, Renounce
Religion


You were on level 11 of the Dungeon.
You worshipped Yredelemnul.
Yredelemnul was greatly pleased with you.
You were not hungry.

You visited 1 branch of the dungeon, and saw 11 of its levels.

You collected 472 gold pieces.
You spent 149 gold pieces at shops.

Inventory:

Hand Weapons
 P - a +0 shortbow of freezing
 V - the +2 battleaxe of Ascent {elec, rC+}
   (You found it on level 11 of the Dungeon)

   Occasionally, upon striking a foe, it will discharge some electrical energy
   and cause terrible harm.
   It protects you from cold.
Missiles
 n - 5 javelins (quivered)
 r - 143 arrows
 A - 28 poisoned needles
 M - 4 tomahawks of dispersal
Armour
 w - a +1 pair of gloves of strength
 x - a +0 cloak (worn)
 y - a +2 robe of the Archmagi (worn)
 W - the +3 pair of gauntlets of War (worn) {Slay+5}
   (You found it on level 11 of the Dungeon)

   It affects your accuracy and damage with ranged weapons and melee attacks
   (+5).
Jewellery
 d - a +5 ring of slaying (left hand)
 R - a ring of sustain attributes (right hand)
Wands
 q - a wand of disintegration (8/24)
 z - a wand of polymorph (3/24)
 F - a wand of lightning (8/15)
 H - a wand of polymorph (3/24)
 L - a wand of disintegration (15/24)
 S - a wand of paralysis (11/24)
Scrolls
 a - 2 scrolls of vulnerability
 c - a scroll of enchant armour
 f - a scroll of blinking {unknown}
 g - 2 scrolls of amnesia
 h - a scroll of noise {unknown}
 m - 3 scrolls of remove curse
 o - 2 scrolls of immolation {unknown}
 p - 3 scrolls of teleportation
 s - a scroll of recharging
 v - 5 scrolls of identify
 I - a scroll of fear {unknown}
 K - a scroll of enchant weapon {unknown}
Potions
 i - 3 potions of lignification
 l - 4 potions of curing {unknown}
 t - a potion of might {unknown}
 u - a potion of brilliance {unknown}
 B - 5 potions of flight {unknown}
 C - a potion of resistance {unknown}
 D - 2 potions of degeneration {unknown}
 G - 2 potions of mutation {unknown}
 N - a potion of cancellation {unknown}
 U - a potion of invisibility {unknown}
Books
 e - a book of Fire

   Spells                             Type                      Level
   a - Ignite Poison                  Fire/Transmutation/Poison    3
   b - Fireball                       Conjuration/Fire             5
   c - Bolt of Fire                   Conjuration/Fire             6
   d - Delayed Fireball               Conjuration/Fire             7
   e - Ring of Flames                 Charms/Fire                  7
Miscellaneous
 T - a phantom mirror
Comestibles
 b - 6 bread rations
 j - 3 meat rations
 E - 3 slices of pizza
 O - 5 fruits
 Q - 7 chunks of flesh


   Skills:
 + Level 8.3 Fighting
 + Level 0.1 Bows
 + Level 9.3 Dodging
 + Level 6.8 Stealth
 + Level 9.2 Unarmed Combat
 + Level 8.9 Invocations
 + Level 1.2 Evocations


You had 10 spell levels left.
You didn't know any spells.

Dungeon Overview and Level Annotations

Branches:
Dungeon (11/15)            Temple (0/1) D:6            Lair (0/6) D:10
    Orc: D:9-12

Altars:
Ashenzari
Dithmenos
Elyvilon
Gozag
Hepliaklqana
Kikubaaqudgha
Makhleb
Pakellas
Ru
Xom
Yredelemnul
Zin
The Shining One

Shops:
D:6 [   D:11 *

Annotations:
D:10 poirepourri's ghost, journeyman MiFi


Innate Abilities, Weirdness & Mutations

You have a pair of horns on your head.
You are completely covered in yellow scales. (AC +4, rCorr)
A weak demonic guardian rushes to your aid.


Message History

The shadow is severely damaged.
The shadow hits you. The yak gores you!
* * * LOW HITPOINT WARNING * * *
Your white imp hits the shadow but does no damage.
The shadow hits you!
* * * LOW HITPOINT WARNING * * *
You see here a yak corpse.
You hit the shadow.
The shadow is almost destroyed.
Your white imp hits the shadow.
Your white imp freezes the shadow.
The shadow completely resists.
The shadow slips into darkness.
The shadow flickers and vanishes!
Deactivating autopickup; reactivate with Ctrl-A.
The yak closely misses you.
You are confused.
You feel invigorated.
The shadow strikes at you from the darkness!
You die...
Your body rises from the dead as a mindless zombie.

.. ... .. #.######
..#......#
###.#.#....#########
Y.Y...'.............
#...#.#.)..##†≈≈##
#.....#.)..@Y.≈≈≈#
........###{5.≈≈≈#
.#.####.##≈≈≈.≈≈≈##
.......Z##≈≈≈.........
...####.###≈≈..≈≈####.
...........(≈..≈...
#########.###.#.......#
..<.......#.#.#.≈#.#..#
###........###.#.#.##.#..#


You could see a yak and a friendly white imp.

Vanquished Creatures
  Pikel (D:5)
  An orc knight (D:8)
  Joseph (D:7)
  A centaur skeleton (D:11)
  A komodo dragon (D:10)
  The ghost of p0werm0de the Ruffian, an amateur CeTm of Hepliaklqana (D:4)
  A two-headed ogre (D:9)
  A vampire (D:10)
  A hippogriff (D:8)
  14 yaks
  2 hell hounds (D:10)
  7 wargs (D:8)
  A water moccasin (D:7)
  8 orc warriors
  An ice beast (D:6)
  4 sky beasts
  A phantom (D:10)
  3 necrophages (D:10)
  2 ogres
  5 centaurs
  Blork the orc (D:5)
  6 giant frogs
  4 scorpions
  3 wights (D:10)
  An electric eel (D:11)
  2 howler monkeys
  4 crimson imps
  4 hounds
  A giant frog skeleton (D:4)
  4 centaur zombies
  5 orc priests
  A jelly (D:9)
  Jessica (D:2)
  A gnoll shaman (D:5)
  3 iguanas
  5 orc wizards
  6 worker ants
  A killer bee zombie (D:6)
  2 hound skeletons (D:7)
  A mummy (D:5)
  Robin (D:3)
  A howler monkey zombie (D:6)
  2 worker ant zombies (D:6)
  2 gnolls (D:5)
  5 adders
  A howler monkey skeleton (D:11)
  A shadow imp (D:10)
  An adder zombie (D:5)
  2 adder skeletons
  A worm (D:3)
  2 dart slugs
  2 giant geckos
  40 orcs
  3 bats (D:2)
  3 giant cockroaches
  11 goblins
  7 hobgoblins
  4 jackals
  3 kobolds
  4 quokkas
  3 giant newts
  A jackal skeleton (D:4)
  2 orc zombies (D:5)
  4 rats
219 creatures vanquished.

Vanquished Creatures (collateral kills)
  2 orc knights (D:8)
  A yak (D:8)
  7 wargs (D:8)
  2 orc warriors (D:8)
  A slave (D:5)
  A phantom (D:10)
  An ogre (D:5)
  A scorpion (D:4)
  A wight (D:10)
  A gnoll shaman (D:5)
  2 orc wizards
  An orc priest (D:11)
  A centaur skeleton (D:4)
  A worker ant (D:4)
  A howler monkey skeleton (D:9)
  5 gnolls (D:5)
  An ooze (D:3)
  An adder skeleton (D:5)
  12 orcs
  A goblin (D:3)
  A hobgoblin (D:3)
  A jackal (D:5)
  A kobold (D:3)
47 creatures vanquished.

Vanquished Creatures (others)
  2 flying skulls (D:8)
  An orc warrior (D:11)
  A hell hound zombie (D:10)
  4 warg zombies (D:8)
  A warg skeleton (D:8)
  2 yak zombies
  2 yak skeletons (D:11)
  2 wights
  A centaur zombie (D:9)
  An ogre zombie (D:9)
  A sky beast zombie (D:7)
  2 necrophage skeletons (D:10)
  A worker ant zombie (D:4)
  4 orc skeletons
  An adder zombie (D:4)
  3 gnoll zombies (D:5)
  2 jackals (D:5)
  3 goblin zombies (D:3)
  A hobgoblin zombie (D:3)
  A jackal zombie (D:4)
  2 kobold zombies
  14 orc zombies
  A plant (D:8)
53 creatures vanquished.

Grand Total: 319 creatures vanquished

Notes
Turn   | Place    | Note
-------+----------+-------------------------------------------
     0 | D:1      | Gagarin the Demonspawn Monk began the quest for the Orb.
     0 | D:1      | Reached XP level 1. HP: 18/18 MP: 1/1
   424 | D:1      | Gained mutation: You are partially covered in yellow scales. (AC +2) [demonic ancestry]
   424 | D:1      | Reached XP level 2. HP: 24/24 MP: 2/2
   775 | D:2      | Noticed Jessica
   782 | D:2      | Killed Jessica
   782 | D:2      | Gained mutation: A weak demonic guardian rushes to your aid. [demonic ancestry]
   782 | D:2      | Reached XP level 3. HP: 3/29 MP: 3/3
  1377 | D:2      | Reached XP level 4. HP: 17/36 MP: 4/4
  1719 | D:2      | Found a sacrificial altar of Ru.
  1726 | D:2      | Found a basalt altar of Yredelemnul.
  1728 | D:2      | Found a shattered altar of Ashenzari.
  1730 | D:2      | Found an opulent altar of Gozag.
  1732 | D:2      | Found a burning altar of Makhleb.
  1735 | D:2      | Became a worshipper of Yredelemnul the Dark
  1735 | D:2      | Reached * piety under Yredelemnul
  1735 | D:2      | Reached ** piety under Yredelemnul
  1803 | D:3      | Found a white marble altar of Elyvilon.
  1900 | D:3      | Found a glowing golden altar of the Shining One.
  2119 | D:3      | Noticed Robin
  2138 | D:3      | Killed Robin
  2218 | D:3      | Reached XP level 5. HP: 42/42 MP: 3/5
  2555 | D:3      | Reached skill level 1 in Invocations
  2977 | D:4      | Noticed p0werm0de's ghost (amateur CeTm)
  3580 | D:4      | Gained mutation: You have a pair of small horns on your head. [demonic ancestry]
  3580 | D:4      | Reached XP level 6. HP: 33/48 MP: 7/7
  3757 | D:4      | Killed p0werm0de's ghost
  3893 | D:4      | Found an ancient bone altar of Kikubaaqudgha.
  3998 | D:4      | Gained mutation: You have a pair of horns on your head. [demonic ancestry]
  3998 | D:4      | Reached XP level 7. HP: 54/55 MP: 8/8
  4017 | D:4      | Found an oddly glowing altar of Pakellas.
  4017 | D:4      | Noticed a red ugly thing
  4235 | D:5      | Entered Level 5 of the Dungeon
  4235 | D:5      | Found a shadowy altar of Dithmenos.
  4243 | D:5      | Noticed Blork the orc
  4253 | D:5      | Killed Blork the orc
  4309 | D:5      | Found an ancient bone altar of Kikubaaqudgha.
  4407 | D:5      | Reached skill level 5 in Unarmed Combat
  4488 | D:5      | Noticed Pikel
  4548 | D:5      | Killed Pikel
  4548 | D:5      | Reached skill level 5 in Fighting
  4548 | D:5      | Reached XP level 8. HP: 43/62 MP: 9/11
  4702 | D:5      | You fall through a shaft!
  4819 | D:5      | Reached skill level 5 in Dodging
  4902 | D:5      | Reached skill level 5 in Invocations
  5271 | D:6      | Found a staircase to the Ecumenical Temple.
  5401 | D:6      | Found Uzuzake's Armour Emporium.
  5404 | D:6      | Bought a +0 pair of gloves of strength for 149 gold pieces
  5955 | D:7      | Reached skill level 5 in Stealth
  5976 | D:7      | Noticed Joseph
  6009 | D:7      | Killed Joseph
  6009 | D:7      | Gained mutation: You are mostly covered in yellow scales. (AC +3) [demonic ancestry]
  6009 | D:7      | Reached XP level 9. HP: 25/69 MP: 13/13
  6168 | D:7      | Reached *** piety under Yredelemnul
  7757 | D:8      | Gained mutation: You are completely covered in yellow scales. (AC +4, rCorr) [demonic ancestry]
  7757 | D:8      | Reached XP level 10. HP: 47/77 MP: 13/15
  7936 | D:8      | Noticed an orc knight
  8481 | D:8      | Killed an orc knight
  8577 | D:8      | Noticed an orc knight
  8769 | D:9      | Noticed an angel
  8771 | D:9      | Found a glowing silver altar of Zin.
  8771 | D:9      | Found a shimmering altar of Xom.
  9012 | D:9      | Found a hazy altar of Hepliaklqana.
  9106 | D:9      | Reached **** piety under Yredelemnul
  9279 | D:9      | Received a gift from Yredelemnul (a wight)
  9760 | D:8      | Reached skill level 1 in Evocations
  9905 | D:8      | Noticed an orc knight
  9914 | D:8      | Killed an orc knight
 10273 | D:8      | Received a gift from Yredelemnul (2 flying skulls)
 10346 | D:8      | Killed an orc knight
 10726 | D:10     | Entered Level 10 of the Dungeon
 10775 | D:10     | Reached XP level 11. HP: 86/86 MP: 17/17
 11302 | D:10     | Found a staircase to the Lair.
 11342 | D:10     | Noticed poirepourri's ghost (journeyman MiFi)
 11977 | D:11     | Received a gift from Yredelemnul (a wight)
 12197 | D:11     | Found Doroeniyll's Assorted Antiques.
 12590 | D:11     | Got a bloodstained battleaxe
 12613 | D:11     | Identified the +2 battleaxe of Ascent {elec, rC+} (You found it on level 11 of the Dungeon)
 12790 | D:11     | Slain by a shadow

Vault maps used:
D:1:      scummos_arrival_star
D:2:      minitemple, uniq_jessica
D:3:      tso_altar, lemuel_coloured_pillars_altar, first_bread,
          corexii_hall_statues_i, serial_bayou_pond_c, uniq_robin
D:4:      gammafunk_pakellas_cloud_experiment, hangedman_decor_points,
          nrook_mini_backslash, lemuel_tele_altar
D:5:      old_standard_altar, basic_altar, nicolae_ossuary_entry_giza,
          uniq_blork_the_orc, uniq_pikel
D:6:      serial_shops, nicolae_shop_window_shopping
D:7:      nicolae_whirlpool, uniq_joseph
D:8:      lemuel_castle_with_subvaults
D:9:      grunt_temple_overflow_order_and_chaos_1, kennysheep_little_box
D:10:     minmay_lair_entry_lava, serial_undead, serial_undead_a,
          serial_undead_f, serial_undead_c, serial_undead_e, serial_undead_f,
          serial_undead_f
D:11:     orc_0_dummy, serial_shops, shop

Skill      XL: |  1  2  3  4  5  6  7  8  9 10 11 |
---------------+----------------------------------+-----
Unarmed Combat | 3 4 5 6 7 8 9 |  9.2
Dodging        | 3 4 6 7 8 9 |  9.3
Stealth        | 2 3 4 5 6 |  6.8
Invocations    | 1 2 4 5 6 8 |  8.9
Fighting       | 4 5 6 7 8 |  8.3
Evocations     | 1 |  1.2
Bows           | |  0.1

Action                   |  1- 3 |  4- 6 |  7- 9 | 10-12 || total
-------------------------+-------+-------+-------+-------++-------
Melee: Unarmed           |    57 |   113 |   260 |   368 ||   798
       Punch             |     1 |     2 |     6 |    13 ||    22
       Headbutt          |       |     5 |    62 |    96 ||   163
 Fire: Shortbow          |       |       |       |     1 ||     1
Invok: Animate Remains   |       |    13 |     9 |       ||    22
       Recall Undead Sla |       |     1 |     2 |     1 ||     4
       Injury Mirror     |       |       |     2 |     1 ||     3
       Animate Dead      |       |       |     4 |    23 ||    27
Evoke: Wand              |       |       |       |     5 ||     5
  Use: Scroll            |     1 |       |     3 |     8 ||    12
       Potion            |       |       |     1 |     3 ||     4
 Stab: Sleeping          |     3 |     6 |    13 |     5 ||    27
       Distracted        |       |       |     5 |     4 ||     9
  Eat: Chunk             |     1 |    12 |    15 |    23 ||    51
       Pizza             |       |       |       |     1 ||     1
Armor: Robe              |     5 |    18 |    39 |    42 ||   104
       Skin              |       |       |     3 |       ||     3
Dodge: Dodged            |    30 |    58 |   153 |   217 ||   458
